 Dungeon Crawl Stone Soup version 0.27-a0-1595-g0b823d0a13 (webtiles) character file.

Game seed: 3950492094236210572

378 Lusmu the Gusty (level 6, -4/32 HPs)
             Began as a Tengu Air Elementalist on July 20, 2021.
             Killed by divine providence
             ... invoked by an orc priest
              (12 damage)
             ... on level 4 of the Dungeon.
             The game lasted 00:34:27 (5273 turns).

Lusmu the Gusty (Tengu Air Elementalist)            Turns: 5273, Time: 00:34:27

Health: -4/32      AC:  2    Str: 10    XL:     6   Next: 74%
Magic:  10/10      EV: 14    Int: 15    God:
Gold:   80         SH:  3    Dex: 15    Spells: 5/9 levels left

rFire    . . .     SeeInvis .   g - +2 whip (holy)
rCold    . . .     Faith    .   n - +0 buckler
rNeg     . . .     Spirit   .   a - +0 robe
rPois    .         Reflect  .   (helmet restricted)
rElec    .         Harm     .   (no cloak)
rCorr    +         Rampage  .   (no gloves)
Will     .....                  (boots unavailable)
Stlth    ++........             (no amulet)
HPRegen  0.10/turn              h - ring of resist corrosion
MPRegen  0.12/turn              (no ring)

@: flying quickly and evasively, quick
A: beak, talons 3, nimble flight
a: no special abilities


You were on level 4 of the Dungeon.
You visited 1 branch of the dungeon, and saw 4 of its levels.

You collected 150 gold pieces.
You spent 70 gold pieces at shops.

Inventory:

Hand Weapons
 g - a +2 whip of holy wrath (weapon)
 m - a +1 dagger of speed
 r - a +1 short sword of protection
Armour
 a - a +0 robe (worn)
 f - a +0 leather armour
 n - a +0 buckler (worn)
Magical Staves
 j - a staff of poison
Jewellery
 h - a ring of resist corrosion (left hand)
Scrolls
 d - 5 scrolls of teleportation
 k - a scroll of enchant weapon
 l - a scroll of immolation {unknown}
 o - a scroll of magic mapping {unknown}
Potions
 b - a potion of resistance
 c - 3 potions of curing
 e - a potion of brilliance {unknown}
 i - a potion of lignification {unknown}
 p - a potion of heal wounds {unknown}


   Skills:
 - Level 2.1 Dodging
 - Level 3.0 Stealth
 - Level 2.0 Spellcasting
 - Level 4.2 Conjurations
 + Level 3.9 Summonings
 + Level 6.7 Air Magic


You had 5 spell levels left.
You knew the following spells:

 Your Spells              Type           Power      Damage    Failure   Level
a - Shock                 Conj/Air       72%        1d7       3%          1
b - Call Canine Familiar  Summ           13%        N/A       22%         3

Your spell library contained the following spells:

 Spells                   Type           Power      Damage    Failure   Level
 Static Discharge         Conj/Air       18%        N/A       6%          2
 Swiftness                Air            21%        N/A       7%          3
 Summon Small Mammal      Summ           52%        N/A       8%          1
 Airstrike                Air            10%        N/A       22%         4
 Summon Guardian Golem    Hex/Summ       7%         N/A       45%         3
 Animate Dead             Necr           0%         N/A       98%         4
 Borgnjor's Vile Clutch   Necr/Erth      0%         N/A       100%        5
 Death Channel            Necr           0%         N/A       100%        6


Dungeon Overview and Level Annotations

Branches:
Dungeon (4/15)
 Temple: D:4-7

Altars:
Xom

Shops:
D:1 *   D:4 *


Innate Abilities, Weirdness & Mutations

You have a beak for a mouth.
You have claws for feet.
Your magical nature lets you fly swiftly and evasively.


Message History

Press: ? - help, Shift-Dir - straight line, f/p - black bear
Aim: a black bear (heavily wounded, 79% to hit)
The zap hits the black bear.
The black bear is heavily wounded.
Casting: Shock (safe; 3% risk of failure)
Confirm with . or Enter, or press ? or * to list all spells.
Aiming: Shock (safe; 3% risk of failure)
Press: ? - help, Shift-Dir - straight line, f/p - black bear
Aim: a black bear (heavily wounded, 79% to hit)
The zap hits the black bear.
The black bear is heavily wounded.
Casting: Shock (safe; 3% risk of failure)
Confirm with . or Enter, or press ? or * to list all spells.
Aiming: Shock (safe; 3% risk of failure)
Press: ? - help, Shift-Dir - straight line, f/p - black bear
Aim: a black bear (heavily wounded, 79% to hit)
The zap hits the black bear.
The black bear is heavily wounded.
An orc comes into view. It is wielding a +0 flail.
The orc moves out of view. 2 orc priests come into view.
The orc priest moves out of view.
The orc wizard shouts!
The orc priest shouts! x2
The orc priest calls down the wrath of Beogh upon you.
Pain shoots through your body!
The orc priest invokes the aid of Beogh against you.
Pain shoots through your body!
The orc shouts!
The orc priest shouts!
The black bear barely misses you. The black bear closely misses you. x2
The orc priest invokes the aid of Beogh against you.
Beogh smites you!
* * * LOW HITPOINT WARNING * * *
The orc priest looks encouraged for a moment.
The orc wizard casts a spell.
The orc wizard flickers and vanishes!
Deactivating autopickup; reactivate with Ctrl-A.
The orc priest calls down the wrath of Beogh upon you.
Beogh smites you!
You die...

...## ##+##...##.##.#...##..#....
#..####..?#..###.#..............
#.....#S∩S#####.................
##....#S..##.................##.
......##+##..............#..##
.....#.#.................#..#
###.....>....).......##.....##
#_'.#...>#...........#####...##
#####.#.###.....@....## ##...###
#..##.### #.....##.>.<# #..#..#.
#.......###...h(.#....####.#..†..
..#......##.....#.....#.##.##..#.
.###.##..###...###.##....#.....#.
..#..###...........####...#.#...#
{ooo>.###.o#....#..#####....#....
..o##..o..###..###....#..........
...##......##.###........####.##.


You could see a black bear and an orc priest.

Vanquished Creatures
  An ogre (D:4)
  A jelly (D:4)
  2 orc priests
  A centaur skeleton (D:4)
  An iguana (D:4)
  2 orc wizards (D:3)
  3 adders (D:2)
  2 worms
  A dart slug (D:1)
  10 orcs (D:3)
  8 bats
  2 endoplasms
  A goblin (D:1)
  A hobgoblin (D:4)
  3 jackals
  3 quokkas
  5 ball pythons
  2 frilled lizards
  10 kobolds
  7 rats
66 creatures vanquished.

Notes
Turn   | Place    | Note
-------+----------+-------------------------------------------
     0 | D:1      | Lusmu the Tengu Air Elementalist began the quest for the
                  | Orb.
     0 | D:1      | Reached XP level 1. HP: 10/10 MP: 4/4
    22 | D:1      | Found Ybodgh's General Store.
   221 | D:1      | Found a faded altar of an unknown god.
   308 | D:1      | Reached XP level 2. HP: 15/15 MP: 0/6
  1236 | D:2      | Reached XP level 3. HP: 7/19 MP: 2/7
  1595 | D:1      | Bought a scroll of identify for 28 gold pieces
  2482 | D:3      | Reached XP level 4. HP: 24/24 MP: 3/8
  2536 | D:2      | Learned a level 3 spell: Call Canine Familiar
  3240 | D:3      | Reached skill level 1 in Summonings
  3240 | D:3      | Reached skill level 5 in Air Magic
  3240 | D:3      | Gained mutation: Your magical nature lets you fly swiftly
                  | and evasively. [Tengu growth]
  3240 | D:3      | Reached XP level 5. HP: 21/28 MP: 0/9
  4509 | D:1      | Bought a scroll of teleportation for 42 gold pieces
  4598 | D:4      | Reached skill level 6 in Air Magic
  4598 | D:4      | Reached XP level 6. HP: 32/32 MP: 10/10
  4683 | D:4      | Noticed a black bear
  4952 | D:4      | Found Anieger's Serpentskin Sales.
  4952 | D:4      | Noticed a water moccasin
  4959 | D:4      | Found a shimmering altar of Xom.
  5273 | D:4      | Killed from afar by an orc priest

Illustrated notes

Levels and vault maps discovered:
D:1:      minmay_arrival_shattered_statue, layout_basic,
          hellmonk_ecumenical_altar_heavens_door, serial_shops, shop,
          hangedman_decor_clover_reticule
D:2:      layout_basic, corexii_item_surrounded_by_moat, kennysheep_path_1
D:3:      layout_loops_ring, minmay_pentomino_pile
D:4:      layout_cave_pools, kennysheep_mini, guppyfry_shop_venom

Skill      XL: |  1  2  3  4  5  6 |
---------------+-------------------+-----
Conjurations   | 2 3 4 |  4.2
Stealth        | 3 |  3.0
Summonings     | 1 2 3 |  3.9
Air Magic      | 5 6 |  6.7
Dodging        | |  2.1
Spellcasting   | |  2.0

Action                   |  1- 3 |  4- 6 || total
-------------------------+-------+-------++-------
Melee: Dagger            |     4 |       ||     4
       Kick              |     6 |     7 ||    13
       Whip              |    39 |    34 ||    73
       Peck              |     3 |     7 ||    10
 Cast: Shock             |    53 |    94 ||   147
  Use: Scroll            |     1 |     2 ||     3
       Potion            |     1 |       ||     1
 Stab: Sleeping          |     6 |     2 ||     8
Armor: Robe              |    10 |     7 ||    17
Dodge: Dodged            |    31 |    31 ||    62
Block: Buckler           |       |     3 ||     3

Table legend: (Time is in decaauts)
 A = Elapsed time spent in this place.
 B = Non-inter-level travel time spent in this place.
 C = Inter-level travel time spent in this place.
 D = Time resting spent in this place.
 E = Time spent auto-exploring this place.
 F = Levels seen in this place.
 G = Mean time per level.
                   A        B        C        D        E       F      G
               +--------+--------+--------+--------+--------+-----+--------+
         Total |   5151 |   4516 |    635 |    758 |   2134 |   4 | 1287.8 |
       Dungeon |   5151 |   4516 |    635 |    758 |   2134 |   4 | 1287.8 |
               +--------+--------+--------+--------+--------+-----+--------+

Top non-repeatable levels by time:
     D:2: 2166 daAuts
     D:3: 1457 daAuts
     D:1: 1005 daAuts
     D:4: 522 daAuts
